 Dungeon Crawl Stone Soup version 0.29-a0-732-g3d7fbe0af2 (webtiles) character file.

Game seed: 6816224534666005919

1682 buhh the Transmogrifier (level 9, -3/64 HPs)
             Began as an Octopode Transmuter on June 29, 2022.
             Was an Initiate of Cheibriados.
             Slain by an ice beast (13 damage)
             ... on level 6 of the Dungeon.
             The game lasted 00:14:52 (8420 turns).

buhh the Transmogrifier (Octopode Transmuter)       Turns: 8420, Time: 00:14:52

Health: -3/64      AC:  2    Str: 10    XL:     9   Next: 2%
Magic:  11/12      EV: 19    Int: 21    God:    Cheibriados [......]
Gold:   30         SH:  0    Dex: 18    Spells: 2/12 levels left

rFire   . . .      SeeInvis .     - Unarmed
rCold   . . .      Faith    .   (shield currently unavailable)
rNeg    . . .      Spirit   .   (helmet currently unavailable)
rPois   x          Reflect  .   (no amulet)
rElec   .          Harm     .   (no ring)
rCorr   .          Rampage  .   (no ring)
Will    .....                   (no ring)
Stlth   ++........              (no ring)
HPRegen 0.20/turn               (no ring)
MPRegen 0.13/turn               (no ring)
                                (no ring)
                                (no ring)

@: about to teleport, spider-form, very slow
A: venomous fangs, almost no armour, (amphibious), 8 rings, tiny, (camouflage
1), (gelatinous body 1), (nimble swimmer 1), (tentacles)
a: End Transformation, Renounce Religion


You were on level 6 of the Dungeon.
You worshipped Cheibriados.
Cheibriados was noncommittal.
You were a venomous arachnid creature.
You visited 2 branches of the dungeon, and saw 7 of its levels.
You also visited: Sewer.

You collected 234 gold pieces.
You spent 204 gold pieces at shops.

Inventory:

Missiles
 b - 13 poisoned darts
 q - a throwing net {!f}
Jewellery
 f - a ring of protection from cold
Scrolls
 a - 3 scrolls of vulnerability
 d - a scroll of torment {unknown}
 g - a scroll of identify {!d}
 l - a scroll of noise
 n - a scroll of poison
 t - 4 scrolls of teleportation {!d}
 P - 3 scrolls of magic mapping {!r!d}
 T - a scroll of immolation {!d}
 X - a scroll of amnesia
Potions
 e - a potion of berserk rage {unknown}
 h - 2 potions of heal wounds {unknown}
 j - a potion of brilliance {unknown}
 m - a potion of magic {unknown}
 o - a potion of resistance {unknown}
 p - 2 potions of flight {unknown}
 r - a potion of might {unknown}
 s - a potion of invisibility {unknown}
 U - 3 potions of mutation {!d}


   Skills:
 - Level 7.0 Fighting
 - Level 2.0 Dodging
 - Level 1.0 Stealth
 - Level 3.0 Unarmed Combat
 - Level 2.0 Spellcasting
 - Level 8.0 Transmutations
 * Level 3.6 Ice Magic


You had 2 spell levels left.
You knew the following spells:

 Your Spells              Type           Power      Damage    Failure   Level
a - Beastly Appendage     Tmut           70%        N/A       3%          1
b - Wereblood             Tmut           35%        N/A       4%          2
c - Spider Form           Tmut/Pois      18%        N/A       22%         3
d - Ice Form              Ice/Tmut       26%        N/A       30%         4

Your spell library contained the following spells:

 Spells                   Type           Power      Damage    Failure   Level
 Magic Dart               Conj           8%         1d3       32%         1
 Searing Ray              Conj           4%         2d4       43%         2
 Fulminant Prism          Conj/Hex       1%         3d6       93%         4


Dungeon Overview and Level Annotations

Branches:
Dungeon (6/15) Zot: 40131  Temple (1/1) D:5 Zot: 8628   Sewer (visited)

Altars:
Cheibriados
Elyvilon
Fedhas
Gozag
Hepliaklqana
Nemelex Xobeh
Qazlal
Ru
Trog
Vehumet
Xom
Yredelemnul
Zin
The Shining One

Shops:
D:5 ?


Innate Abilities, Weirdness & Mutations

You are a venomous arachnid creature.
You have poisonous fangs.
You are tiny and dextrous.
Your spellcasting is less reliable in this form.
Your armour is entirely melded.
You are incapable of wielding weapons or throwing items.
You cannot wear most types of armour.
((You are amphibious.))
You can wear up to eight rings at the same time.
((Your skin changes colour to match your surroundings (Stealth+).))
((Your rubbery body absorbs attacks. (AC +1, EV +1)))
((You are camouflaged when in or above water. (Stealth+)))
((You have tentacles for arms and can constrict up to eight enemies at once.))


Message History

You hit the ice beast.
The ice beast is lightly wounded.
The ice beast completely misses you.
You hit the ice beast.
The ice beast is poisoned.
The ice beast is lightly wounded.
The ice beast hits you. The ice beast freezes you!
You hit the ice beast but do no damage.
The ice beast is lightly wounded.
The ice beast barely misses you.
You hit the ice beast but do no damage.
The ice beast is lightly wounded.
The ice beast barely misses you.
You barely miss the ice beast.
The ice beast is lightly wounded.
The ice beast misses you.
You bite the ice beast!
The ice beast is heavily wounded.
The ice beast hits you. The ice beast freezes you!
You hit the ice beast but do no damage.
The ice beast is heavily wounded.
The ice beast hits you. The ice beast freezes you!
* * * LOW HITPOINT WARNING * * *
Blink to where?
Press: ? - help, Dir - move target
As you read the scroll of blinking {!d}, it crumbles to dust.
You can't see any enemies this would affect, really read the scroll of poison?
The air fills with toxic fumes!
As you read the scroll of poison, it crumbles to dust.
The ice beast looks more healthy.
As you read the scroll of teleportation {!d}, it crumbles to dust.
You feel strangely unstable.
Really quaff
N - a potion of curing {!q!d}?
You feel better. The ice beast hits you. The ice beast freezes you!
* * * LOW HITPOINT WARNING * * *
You hit the ice beast.
The ice beast is poisoned.
The ice beast is almost dead.
The ice beast hits you.
* * * LOW HITPOINT WARNING * * *
The ice beast freezes you!
You die...

... ...## ....## # .....#
.# ...#.## #.# ..##..##
#..## $# ##..## #....# .
##..#################......
##...§§☼§§Ys§§§§§§§....#
#..#§☼☼○§☼§§§§§☼☼§§.###
##..###########§§§§§..#
#..## ##.☼§☼§....# ##..#
#...☼§§.....# #..##
#....§§...(.# ##)##
#.....§....## #..#
#..........# ##.##
####..........#


You could see an ice beast (very poisoned).

Vanquished Creatures
  A water moccasin (D:5)
  2 black bears
  An ogre (D:5)
  A phantom (D:5)
  4 kobold brigands (Sewer)
  3 necrophages
  2 scorpions (D:5)
  2 orc priests
  A hound (D:3)
  2 iguanas
  2 orc wizards
  9 gnolls
  8 adders
  A river rat (Sewer)
  3 worms
  2 dart slugs (D:1)
  18 orcs
  8 bats
  7 endoplasms
  2 giant cockroaches (D:4)
  4 goblins
  13 hobgoblins
  3 jackals (D:3)
  4 quokkas
  6 ball pythons
  5 frilled lizards
  8 kobolds
  11 rats
  A spectral kobold (D:2)
134 creatures vanquished.

Vanquished Creatures (collateral kills)
  A steam dragon (D:6)
  2 orc wizards (D:6)
  A gnoll (D:6)
  An orc (D:6)
5 creatures vanquished.

Grand Total: 139 creatures vanquished

Notes
Turn   | Place    | Note
-------+----------+-------------------------------------------
     0 | D:1      | buhh the Octopode Transmuter began the quest for the Orb.
     0 | D:1      | Reached XP level 1. HP: 13/13 MP: 3/3
   119 | D:1      | Reached XP level 2. HP: 12/19 MP: 5/5
   588 | D:1      | Reached XP level 3. HP: 17/25 MP: 4/6
  1995 | D:2      | Found a faded altar of an unknown god.
  2234 | D:3      | Reached XP level 4. HP: 32/32 MP: 5/7
  3443 | D:3      | Reached XP level 5. HP: 29/38 MP: 8/8
  3589 | D:4      | Reached skill level 3 in Transmutations
  3601 | D:4      | Reached XP level 6. HP: 23/45 MP: 9/9
  3877 | D:4      | Found a glowing drain.
  3902 | Sewer    | Entered a sewer
  4481 | Sewer    | Reached skill level 4 in Transmutations
  4822 | Sewer    | Reached skill level 5 in Transmutations
  5190 | Sewer    | Reached XP level 7. HP: 50/50 MP: 10/10
  5623 | D:4      | Reached skill level 6 in Transmutations
  5892 | D:4      | Learned a level 2 spell: Wereblood
  5896 | D:4      | Learned a level 3 spell: Spider Form
  5901 | D:4      | Learned a level 4 spell: Ice Form
  6138 | D:5      | Entered Level 5 of the Dungeon
  6169 | D:5      | Reached skill level 7 in Transmutations
  6441 | D:5      | Reached XP level 8. HP: 48/55 MP: 8/11
  7035 | D:5      | Reached skill level 8 in Transmutations
  7202 | D:5      | Found Ydo Alaj's Magic Scroll Boutique.
  7288 | D:5      | Bought a scroll of blinking for 90 gold pieces
  7288 | D:5      | Bought a scroll of identify for 24 gold pieces
  7288 | D:5      | Bought a scroll of blinking for 90 gold pieces
  7350 | D:5      | Found a staircase to the Ecumenical Temple.
  7360 | Temple   | Entered the Ecumenical Temple
  7575 | Temple   | Became a worshipper of Cheibriados the Contemplative
  8246 | D:6      | Reached XP level 9. HP: 60/64 MP: 8/12
  8420 | D:6      | Slain by an ice beast

Illustrated notes

Levels and vault maps discovered:
D:1:      mrwooster_arrival_statue_2, layout_basic
D:2:      layout_loops_ring, dreamdust_ecumenical_altar_drowned_temple
D:3:      layout_loops_cross
D:4:      layout_rooms, gup_sewer_entry_bubbles
D:5:      layout_basic, lemuel_temple_firewalk_b, serial_shops, shop,
          kennysheep_generic_room_3
D:6:      layout_cave_pods, hangedman_decor_push
Temple:   mainiacjoe_temple_big_plus

Skill      XL: |  1  2  3  4  5  6  7  8 |
---------------+-------------------------+-----
Stealth        | 1 |  1.0
Fighting       | 2 3 4 5 7 |  7.0
Transmutations | 3 5 7 8 |  8.0
Ice Magic      | 3 |  3.6
Dodging        | |  2.0
Unarmed Combat | |  3.0
Spellcasting   | |  2.0

Action                   |  1- 3 |  4- 6 |  7- 9 || total
-------------------------+-------+-------+-------++-------
Melee: Unarmed           |    93 |   126 |   153 ||   372
       Constrict         |    24 |    18 |     9 ||    51
       Kick              |    25 |    17 |     6 ||    48
       Tentacles         |    17 |    23 |    15 ||    55
       Punch             |     1 |     1 |     2 ||     4
Throw: Dart              |       |     1 |    21 ||    22
       Throwing net      |       |       |     2 ||     2
 Cast: Beastly Appendage |    28 |    15 |     3 ||    46
       Spider Form       |       |       |    13 ||    13
       Wereblood         |       |       |     3 ||     3
Evoke: Wand              |       |    15 |       ||    15
  Use: Potion            |       |     3 |     2 ||     5
       Scroll            |       |     8 |    10 ||    18
 Stab: Sleeping          |     8 |     6 |     1 ||    15
Armor: Skin              |     9 |    86 |    10 ||   105
Dodge: Dodged            |    64 |    63 |   127 ||   254

Table legend: (Time is in decaauts)
 A = Elapsed time spent in this place.
 B = Non-inter-level travel time spent in this place.
 C = Inter-level travel time spent in this place.
 D = Time resting spent in this place.
 E = Time spent auto-exploring this place.
 F = Levels seen in this place.
 G = Mean time per level.
                   A        B        C        D        E       F      G
               +--------+--------+--------+--------+--------+-----+--------+
         Total |   8495 |   8263 |    232 |   3150 |   3790 |   8 | 1061.9 |
       Dungeon |   6584 |   6460 |    124 |   1808 |   3612 |   6 | 1097.3 |
        Temple |    263 |    156 |    107 |      0 |    138 |   1 |  263.0 |
         Sewer |   1647 |   1647 |      0 |   1342 |     40 |   1 | 1647.0 |
               +--------+--------+--------+--------+--------+-----+--------+

Top non-repeatable levels by time:
     D:5: 1740 daAuts
   Sewer: 1647 daAuts
     D:3: 1368 daAuts
     D:1: 1090 daAuts
     D:2: 1076 daAuts
     D:4: 942 daAuts
     D:6: 366 daAuts
  Temple: 263 daAuts
